 Dungeon Crawl Stone Soup version 0.28-a0-1182-g381e24db82 (webtiles) character file.

Game seed: 1358724961899322874

165 ytrimaz the Skirmisher (level 5, 0/63 HPs)
             Began as a Demonspawn Berserker on Dec 16, 2021.
             Was a Follower of Trog.
             Succumbed to an orc's poison
             ... on level 3 of the Dungeon.
             The game lasted 00:03:44 (3210 turns).

ytrimaz the Skirmisher (Demonspawn Berserker)       Turns: 3210, Time: 00:03:45

Health: 0/63       AC:  2    Str: 20    XL:     5   Next: 22%
Magic:  0/5        EV: 12    Int:  8    God:    Trog [*.....]
Gold:   56         SH:  0    Dex: 12    Spells: 4/4 levels left

rFire   . . .      SeeInvis .     - Unarmed
rCold   . . .      Faith    .   (no shield)
rNeg    . . .      Spirit   +   b - +0 animal skin
rPois   .          Reflect  .   (no helmet)
rElec   .          Harm     .   (no cloak)
rCorr   .          Rampage  .   (gloves unavailable)
Will    .....                   (no boots)
Stlth   ..........              e - amulet of guardian spirit
HPRegen 0.20/turn               (no ring)
MPRegen 0.09/turn               (no ring)

@: berserking, lethally poisoned (0 -> -10), very quick
A: demonic touch 3
a: Renounce Religion, Berserk


You were on level 3 of the Dungeon.
You worshipped Trog.
Trog was aware of your devotion.
You visited 1 branch of the dungeon, and saw 3 of its levels.

You collected 56 gold pieces.

Inventory:

Missiles
 a - 3 boomerangs (quivered)
Armour
 b - a +0 animal skin (worn)
 j - a +0 buckler
Jewellery
 e - an amulet of guardian spirit (around neck)
Scrolls
 d - a scroll of teleportation
 f - a scroll of blinking
 i - a scroll of fog
Potions
 c - 3 potions of heal wounds


   Skills:
 * Level 4.2 Fighting
 - Level 2.8 Axes
 * Level 2.3 Armour
 - Level 2.6 Dodging
 * Level 0.2 Shields
 * Level 2.1 Unarmed Combat


You had 4 spell levels left.
You didn't know any spells.
Your spell library was empty.

Dungeon Overview and Level Annotations

Branches:
Dungeon (3/15)

Altars:


Innate Abilities, Weirdness & Mutations

Your touch may irresistibly damage your foes and sap their willpower.


Message History

You are poisoned.
You hit the orc wizard.
The orc wizard is heavily wounded.
You feel sick. The orc wizard casts a spell at you.
The puff of flame misses you.
Unknown command.
You punch the orc wizard!
You feel the power of Trog in you as your rage grows.
You kill the orc wizard!
Trog accepts your kill.
Trog appreciates your killing of a magic user.
You feel sick. The orc barely misses you.
Your Unarmed Combat skill increases to level 2!
You barely miss the orc.
You feel sick.
The orc hits you with a +0 dagger of venom.
* * * LOW HITPOINT WARNING * * *
You are lethally poisoned!
You barely miss the orc.
You touch the orc.
You sap its willpower!
The orc is almost dead.
* * * LOW HITPOINT WARNING * * *
You feel very sick.
Unknown command.
You hit the orc.
You kill the orc!
Trog accepts your kill.
* * * LOW HITPOINT WARNING * * *
You feel sick.
Unknown command.
You are too berserk!
You hit the orc.
The orc is severely wounded.
* * * LOW HITPOINT WARNING * * *
You feel sick.
The orc hits you with a +2 mace of protection.
* * * LOW HITPOINT WARNING * * *
Unknown command.
You closely miss the orc. Your touch misses the orc.
The orc is severely wounded.
You die...

#
########################.#
.......<..................
#######........o..........
#.......###?...###
#.......# #....# ###o#####
#....#####
#####@#######..)..(..#
####...).......##..)$...#
#...............)).......
#..............##.......#
#.......#########.......#
#.......# #########
#.(.....# #.......#
#########


You could see an orc.

Vanquished Creatures
  Natasha (thrice) (D:2)
  An orc wizard (D:3)
  An adder (D:2)
  A worm (D:2)
  An adder zombie (D:2)
  A dart slug (D:2)
  6 orcs (D:3)
  6 ball pythons (D:2)
  2 bat zombies (D:2)
  4 endoplasms
  A giant cockroach (D:1)
  A goblin (D:2)
  A hobgoblin (D:2)
  2 quokkas (D:1)
  5 bats
  2 frilled lizards
  4 kobolds
  2 quokka zombies (D:2)
  3 rats
47 creatures vanquished.

Vanquished Creatures (others)
  4 withered plants (D:2)
4 creatures vanquished.

Grand Total: 51 creatures vanquished

Notes
Turn   | Place    | Note
-------+----------+-------------------------------------------
     0 | D:1      | ytrimaz the Demonspawn Berserker began the quest for the
                  | Orb.
     0 | D:1      | Reached XP level 1. HP: 18/18 MP: 1/1
   761 | D:1      | Gained mutation: Your touch may inflict minor irresistible
                  | damage on your foes. [demonic ancestry]
   761 | D:1      | Reached XP level 2. HP: 23/24 MP: 2/2
  1093 | D:2      | Noticed Natasha
  1101 | D:2      | Noticed a crimson imp
  1101 | D:2      | Killed Natasha
  1102 | D:2      | Reached XP level 3. HP: 23/30 MP: 3/3
  1779 | D:2      | Found a faded altar of an unknown god.
  1944 | D:2      | Noticed Natasha
  2078 | D:2      | Killed Natasha
  2079 | D:2      | Reached skill level 4 in Fighting
  2079 | D:2      | Reached skill level 1 in Unarmed Combat
  2079 | D:2      | Gained mutation: Your touch may inflict irresistible damage
                  | on your foes. [demonic ancestry]
  2079 | D:2      | Reached XP level 4. HP: 11/37 MP: 4/4
  2460 | D:2      | Noticed Natasha
  2472 | D:2      | Killed Natasha
  3176 | D:3      | Reached ** piety under Trog
  3177 | D:3      | Gained mutation: Your touch may irresistibly damage your
                  | foes and sap their willpower. [demonic ancestry]
  3177 | D:3      | Reached XP level 5. HP: 22/42 MP: 3/5
  3209 | D:3      | HP: 1/63 [orc (3)]
  3210 | D:3      | Succumbed to an orc's poison

Illustrated notes

Levels and vault maps discovered:
D:1:      minmay_arrival_stair_chambers, layout_basic,
          chequers_serial_rivers_large_b
D:2:      layout_basic, serial_undead, serial_undead_f, serial_undead_b,
          serial_undead_f, serial_undead_d, serial_undead_a, serial_undead_f,
          nicolae_ecumenical_snake_handling, uniq_natasha
D:3:      wad_river_or_something, layout_basic, mainiacjoe_overflow_tiny_flanked

Skill      XL: |  1  2  3  4  5 |
---------------+----------------+-----
Armour         | 2 |  2.3
Dodging        | 2 |  2.6
Fighting       | 4 |  4.2
Unarmed Combat | 1 2 |  2.1
Axes           | |  2.8
Shields        | |  0.2

Action                   |  1- 3 |  4- 6 || total
-------------------------+-------+-------++-------
Melee: Hand axe          |    22 |       ||    22
       Unarmed           |    99 |    60 ||   159
       Touch             |    22 |    14 ||    36
Invok: Berserk           |     3 |     2 ||     5
       Trog's Hand       |       |     1 ||     1
  Use: Scroll            |     3 |     2 ||     5
       Potion            |     1 |       ||     1
 Stab: Sleeping          |     3 |       ||     3
Armor: Animal skin       |    32 |    10 ||    42
Dodge: Dodged            |   118 |    37 ||   155

Table legend: (Time is in decaauts)
 A = Elapsed time spent in this place.
 B = Non-inter-level travel time spent in this place.
 C = Inter-level travel time spent in this place.
 D = Time resting spent in this place.
 E = Time spent auto-exploring this place.
 F = Levels seen in this place.
 G = Mean time per level.
                   A        B        C        D        E       F      G
               +--------+--------+--------+--------+--------+-----+--------+
         Total |   3284 |   3254 |     30 |    573 |   2147 |   3 | 1094.7 |
       Dungeon |   3284 |   3254 |     30 |    573 |   2147 |   3 | 1094.7 |
               +--------+--------+--------+--------+--------+-----+--------+

Top non-repeatable levels by time:
     D:2: 2084 daAuts
     D:1: 1123 daAuts
     D:3: 77 daAuts
